[Event "Israel National League 2024"]
[Site "Israel"]
[Date "2024.03.08"]
[Round "11.14"]
[White "Ben Ari, Yannay"]
[Black "Yaniv, Yuval"]
[Result "1/2-1/2"]
[ECO "A49"]
[WhiteElo "2417"]
[BlackElo "2383"]
[Annotator "RC"]
[PlyCount "132"]
[EventDate "2024.01.07"]
[EventType "team-tourn"]
[EventCountry "ISR"]
[SourceTitle "playchess.com"]
[Source "ChessBase"]
[SourceQuality "1"]
[TimeControl "40/5400+30:1800+30"]

1. Nf3 Nf6 2. g3 g6 3. b3 Bg7 4. Bb2 O-O 5. Bg2 d6 6. d4 b5 7. O-O Bb7 8. Nbd2 Nbd7 9. c4 bxc4 10. bxc4 Rb8 11. Qc2 Ne4 12. Nxe4 Bxe4 13. Qxe4 Rxb2 14. a4 Nb6 15. c5 dxc5 16. dxc5 Nd5 17. Rad1 e6 18. Qc4 Qe7 19. Rc1 Rb4 20. Qc2 Nc3 21. e3 Qxc5 22. Kh1 Qb6 23. Nd4 c5 24. Nc6 Rxa4 25. Qd3 Ra3 26. Qd6 h5 27. Bf3 Bf6 28. e4 Na2 29. Rb1 Nb4 30. Qf4 Qxc6 31. Qxf6 e5 32. Qxc6 Nxc6 33. Be2 Nd4 34. Bc4 Ra4 35. Bd5 Rb4 36. Ra1 c4 37. Rfc1 Nb3 38. Rab1 Rc8 39. Bxc4 Rcxc4 40. Rxc4 Rxc4 41. Rxb3 Rc7 42. Rb5 Re7 43. Kg2 Kf8 44. h4 a6 45. Ra5 Re6 46. Kf3 Ke7 47. Rd5 f6 48. Ke3 Rb6 49. Ra5 Kd7 50. f4 exf4+ 51. gxf4 Kc7 52. f5 gxf5 53. Rxf5 Rb5 54. Rxf6 a5 55. Kf4 Kb7 56. e5 a4 57. Rf7+ Kc6 58. Ra7 Rb4+ 59. Kg5 Kd5 60. Kf5 Rxh4 61. e6 Rh1 62. Ra5+ Kd6 63. Ra6+ Ke7 64. Ra7+ Ke8 65. Ra8+ Ke7 66. Ra7+ Ke8 1/2-1/2

[Event "Israel National League 2024"]
[Site "Israel"]
[Date "2024.03.08"]
[Round "11.15"]
[White "Efroimski, Marsel"]
[Black "Iliaguev, Nisim"]
[Result "0-1"]
[ECO "C48"]
[WhiteElo "2434"]
[BlackElo "2399"]
[Annotator "RC"]
[PlyCount "132"]
[EventDate "2024.01.07"]
[EventType "team-tourn"]
[EventCountry "ISR"]
[SourceTitle "playchess.com"]
[Source "ChessBase"]
[SourceQuality "1"]
[TimeControl "40/5400+30:1800+30"]

1. e4 e5 2. Nf3 Nf6 3. Nc3 Nc6 4. Bb5 Nd4 5. Bc4 Bc5 6. Nxe5 Qe7 7. Nf3 d5 8. Nxd5 Qxe4+ 9. Ne3 Bg4 10. Be2 Nxe2 11. Qxe2 O-O-O 12. d3 Bxf3 13. Qxf3 Qxf3 14. gxf3 Rhe8 15. O-O Nd5 16. Re1 Re6 17. Bd2 Rf6 18. Kg2 Nf4+ 19. Kf1 Ne6 20. b4 Bb6 21. Nc4 Rxf3 22. Nxb6+ axb6 23. Re5 Rd4 24. a3 Kd7 25. Kg2 Rf6 26. Be3 Rg4+ 27. Kh1 Kd6 28. Rh5 h6 29. c4 g5 30. h3 Rgf4 31. Rg1 Rf3 32. h4 Rh3+ 33. Kg2 Rxh4 34. Rxh4 gxh4 35. Rh1 Nf4+ 36. Kf1 Nxd3 37. Rxh4 Ne5 38. Bxh6 c5 39. Bf8+ Kc6 40. b5+ Kd7 41. Bg7 Rf5 42. Bxe5 Rxe5 43. Kg2 Re6 44. Kf3 Kd6 45. Rf4 Re7 46. Rf6+ Ke5 47. Rxb6 Kd4 48. a4 Kxc4 49. a5 Kd3 50. a6 bxa6 51. bxa6 Ra7 52. Rd6+ Kc4 53. Ke4 Re7+ 54. Kf5 Kb5 55. Kf6 Ra7 56. f4 c4 57. Rd8 Rc7 58. Rb8+ Kxa6 59. f5 Ka5 60. Rf8 c3 61. Rxf7 Rxf7+ 62. Kxf7 c2 63. f6 c1=Q 64. Kf8 Qh6+ 65. Ke7 Qg5 66. Ke6 Kb6 0-1

[Event "Israel National League 2024"]
[Site "Israel"]
[Date "2024.03.08"]
[Round "11.16"]
[White "Karp, Ilya"]
[Black "Zemach, Nadav"]
[Result "0-1"]
[ECO "C78"]
[WhiteElo "2382"]
[BlackElo "2384"]
[Annotator "RC"]
[PlyCount "60"]
[EventDate "2024.01.07"]
[EventType "team-tourn"]
[EventCountry "ISR"]
[SourceTitle "playchess.com"]
[Source "ChessBase"]
[SourceQuality "1"]
[TimeControl "40/5400+30:1800+30"]

1. e4 e5 2. Nf3 Nc6 3. Bb5 a6 4. Ba4 Nf6 5. O-O b5 6. Bb3 Bc5 7. c3 d6 8. d4 Bb6 9. a4 Rb8 10. a5 Ba7 11. h3 Bb7 12. Re1 O-O 13. Be3 Ra8 14. Nbd2 h6 15. Qb1 Re8 16. Qa2 Qd7 17. dxe5 Nxe5 18. Bxa7 Rxa7 19. Nxe5 Rxe5 20. Bc2 Ra8 21. Nf3 Re7 22. e5 dxe5 23. Nxe5 Qe8 24. f4 Nd7 25. Bg6 Nxe5 26. Rxe5 Rxe5 27. fxe5 Rd8 28. Bh5 Rd2 29. Re1 Rxg2+ 30. Kf1 Qd7 0-1

[Event "Israel National League 2024"]
[Site "Israel"]
[Date "2024.03.08"]
[Round "11.17"]
[White "Vagman, Roy"]
[Black "Mordechai, Hanan"]
[Result "1-0"]
[ECO "B27"]
[WhiteElo "2302"]
[BlackElo "2347"]
[Annotator "TA"]
[PlyCount "101"]
[EventDate "2024.01.07"]
[EventType "team-tourn"]
[EventCountry "ISR"]
[SourceTitle "playchess.com"]
[Source "ChessBase"]
[SourceQuality "1"]
[TimeControl "40/5400+30:1800+30"]

1. e4 c5 2. Nf3 g6 3. c3 d5 4. e5 Nc6 5. Bb5 Qb6 6. Bxc6+ {[%emt 0:01:32] B27: Sicilian: 2 Nf3, unusual Black 2nd moves.} bxc6 7. d3 Ba6 $146 ({Predecessor:} 7... Bg7 8. O-O Nh6 9. h3 O-O 10. Re1 f6 11. e6 Nf5 12. b3 Rd8 13. Bf4 c4 14. dxc4 dxc4 {1-0 Yu,Y (2743)-Gundavaa,B (2485) Asian Continental op 16th 2017 (5)}) 8. b3 c4 (8... Nh6 $14) 9. bxc4 $16 dxc4 10. d4 e6 11. O-O Ne7 12. Nbd2 Nd5 13. Ne4 h6 14. Bd2 Be7 15. h4 O-O-O (15... Kf8 $16) 16. Qc1 c5 17. dxc5 Bxc5 18. Bxh6 Bb7 19. Bg5 Rd7 20. Rb1 Qc6 21. Re1 (21. Rd1 $18) 21... Bb6 (21... Kb8 $16 22. a4 Ka8) 22. Qc2 Kb8 23. a4 Ka8 24. Qa2 Qc7 25. Qa3 (25. Nfd2 $18 {And now a5 would win.} Qc6 26. Qxc4 (26. Nxc4 Nxc3 27. Nxb6+ axb6 $19)) 25... Rb8 (25... a5 $16 26. Re2 Ba7) 26. Re2 (26. a5 $18 Bxa5 27. Nc5) 26... a6 $16 27. Qa2 Ba5 28. Qa3 (28. Qc2 $16) 28... Bc8 $2 (28... Bb6 $1 $11 {and Black has nothing to worry.}) 29. Rxb8+ $18 Qxb8 30. Kh2 ({Better is} 30. Nfd2 $18) 30... f5 $1 $14 31. Nd6 Bxc3 32. Nxc4 Qc7 (32... Rc7 $1 $11 33. Ne3 Bb7) 33. Qb3 Qc6 34. Ne3 Rb7 35. Qd1 Nb4 (35... Rd7 $1 $14 36. Qb3 Rb7) 36. Qd6 $16 Qxa4 $2 {[%emt 0:00:00] [#]} (36... Rd7 $16 37. Qxc6+ Nxc6) 37. Qc5 $1 $18 Qc6 {[%emt 0:00:00] [#]} 38. Qxc6 $1 Nxc6 39. Rc2 Nxe5 (39... Rb3 {was called for.} 40. Nd1 Bxe5+ 41. Nxe5 Nxe5 42. Rxc8+ Kb7) 40. Rxc3 $18 Nxf3+ 41. gxf3 Bd7 42. Bf4 Rb4 43. Kg3 Bb5 44. Rc8+ Ka7 45. Rc7+ Ka8 46. Re7 a5 47. Rxe6 a4 48. Nd5 Rb3 49. Nc7+ Kb7 50. Nxb5 Rxb5 51. Bd6 1-0

[Event "Israel National League 2024"]
[Site "Israel"]
[Date "2024.03.08"]
[Round "11.18"]
[White "Uritsky, Yonathan"]
[Black "Lahav, Michal"]
[Result "1-0"]
[ECO "A12"]
[WhiteElo "2097"]
[BlackElo "2205"]
[Annotator "RC"]
[PlyCount "75"]
[EventDate "2024.01.07"]
[EventType "team-tourn"]
[EventCountry "ISR"]
[SourceTitle "playchess.com"]
[Source "ChessBase"]
[SourceQuality "1"]
[TimeControl "40/5400+30:1800+30"]

1. Nf3 Nf6 2. g3 d5 3. Bg2 Bg4 4. O-O e6 5. b3 Be7 6. Bb2 O-O 7. c4 c6 8. d3 Nbd7 9. Qc2 Re8 10. Nc3 Bf8 11. e4 dxe4 12. dxe4 e5 13. h3 Bh5 14. Rad1 Qc7 15. Ne2 Bg6 16. Nh4 Nc5 17. Nf5 Rad8 18. g4 Ne6 19. Qc3 Nd7 20. Qg3 f6 21. h4 Nf4 22. Qf3 Nc5 23. Bc1 Nxe2+ 24. Qxe2 Ne6 25. Bh3 Nd4 26. Nxd4 exd4 27. Bg2 Qe5 28. f4 Qa5 29. h5 Bf7 30. Rd3 Rd7 31. Kh1 Bc5 32. g5 fxg5 33. fxg5 Be7 34. Bh3 Rdd8 35. g6 hxg6 36. hxg6 Bxc4 37. bxc4 Bg5 38. Qh5 1-0

[Event "Israel National League 2024"]
[Site "Israel"]
[Date "2024.03.08"]
[Round "11.19"]
[White "Rechlis, Gad"]
[Black "Sarana, Alexey"]
[Result "0-1"]
[ECO "A09"]
[WhiteElo "2473"]
[BlackElo "2695"]
[Annotator "TA"]
[PlyCount "94"]
[EventDate "2024.01.07"]
[EventType "team-tourn"]
[EventCountry "ISR"]
[SourceTitle "playchess.com"]
[Source "ChessBase"]
[SourceQuality "1"]
[TimeControl "40/5400+30:1800+30"]

1. Nf3 d5 2. g3 g6 3. c4 dxc4 4. Na3 Bg7 5. Nxc4 Be6 6. Qc2 c5 7. Ne3 Na6 8. Ng5 {[%emt 0:08:13] Black should prevent Nxe6. White has an edge.} Bc8 9. Qa4+ Qd7 10. Qb3 e6 11. Bg2 Ne7 12. d3 Nc6 ({Better is} 12... Rb8 $15) 13. Qa4 $11 Nd8 14. Qh4 (14. Qxd7+ {simplifies} Bxd7 15. h4 Rb8 16. Nf3) 14... Qe7 15. Nc4 (15. Nxh7 $2 Qxh4 16. gxh4 Rxh7 $19) 15... f6 16. Ne4 Nf7 {[%emt 0:00:06] Inhibits Ned6+.} 17. Bd2 O-O 18. Bc3 g5 (18... Nh6 $11) 19. Qh5 $14 {[%emt 0:00:12] Strongly threatening g4.} f5 20. h4 g4 (20... fxe4 $2 {is the wrong capture.} 21. Bxe4 Bxc3+ 22. bxc3 $18) (20... Bxc3+ $1 $11 21. bxc3 (21. Nxc3 g4 $11) 21... g4 (21... fxe4 $2 22. Bxe4 Nh8 23. hxg5 $18)) 21. Bxg7 $16 Kxg7 22. Nc3 $2 (22. Ng5 $16 {keeps the pressure on.} h6 23. Nxf7 Qxf7 24. Qxf7+ Rxf7 25. f3) 22... Nc7 $17 23. e4 $2 {[%emt 0:02:41][%mdl 8192] [#] This costs White the game.} (23. Ne3 $17 {keeps fighting.}) 23... Ne8 $1 $19 24. e5 {[%emt 0:00:36][%cal Oc3e4] Repels Nf6} Kg8 {[%emt 0:00:35] ...Ng7 would now be deadly.} 25. Ne4 Ng7 $1 (25... fxe4 26. Bxe4 Nd8 27. Rc1 $17) 26. Nf6+ {[%emt 0:00:33] [#]} Qxf6 $3 27. Qxh7+ Kxh7 28. exf6 Nh5 29. Rc1 Nxf6 30. Ne3 Bd7 31. Rxc5 Rac8 {[%emt 0:00:05] Prevents Rc7.} 32. Ra5 Bc6 33. Bxc6 Rxc6 ({Less strong is} 33... bxc6 34. Rxa7 Kg6 35. Re7 $19) 34. Rxa7 Rc1+ 35. Nd1 Nd6 36. O-O Nd5 37. Ne3 Rxf1+ 38. Nxf1 Rc8 {[%emt 0:00:03] Black is clearly winning.} 39. Nd2 Rc1+ 40. Kg2 {[%emt 0:00:01] [#]} Ne3+ 41. fxe3 {[%emt 0:31:26][%cal Od2c4][%mdl 4096] Endgame. And now Nc4! would win. KRN-KRN} Rc2 42. e4 Rxd2+ 43. Kf1 Rxd3 44. e5 Ne4 45. Rxb7+ Kg6 46. Re7 Nxg3+ 47. Ke1 f4 {[%emt 0:00:11] Weighted Error Value: White=0.57/Black=0.08 (flawless) .  Loses game:     	White=1     	---        Mistake:       	White=1     	Black=3      Inaccurate:     	White=3     	---        OK:         	White=15    	Black=17     Best:        	White=5     	Black=3      Strong:       	---       	Black=2      Brilliant:      	---       	Black=1} 0-1

[Event "Israel National League 2024"]
[Site "Israel"]
[Date "2024.03.08"]
[Round "11.20"]
[White "Zanan, Evgeny"]
[Black "Zoler, Dan"]
[Result "1/2-1/2"]
[ECO "B81"]
[WhiteElo "2487"]
[BlackElo "2460"]
[Annotator "TA"]
[PlyCount "159"]
[EventDate "2024.01.07"]
[EventType "team-tourn"]
[EventCountry "ISR"]
[SourceTitle "playchess.com"]
[Source "ChessBase"]
[SourceQuality "1"]
[TimeControl "40/5400+30:1800+30"]

1. e4 c5 2. Nf3 d6 3. d4 cxd4 4. Nxd4 Nf6 5. Nc3 a6 6. h3 e6 7. g4 h6 8. Bg2 Be7 {[%emt 0:00:10] B81: Sicilian Scheveningen: Keres Attack.} 9. h4 Nfd7 10. g5 hxg5 11. hxg5 Rxh1+ 12. Bxh1 Nf8 $146 ({Predecessor:} 12... g6 13. Qg4 Nc6 14. Nxc6 bxc6 15. Be3 Ne5 16. Qh4 Nc4 17. Qh8+ Bf8 18. Bf4 e5 {½-½ Makridis,D (2328)-Vasquez Schroder,R (2475) Titled Tuesday intern op 23rd Jan Late blitz 2024 (8)}) 13. f4 Nc6 14. Be3 Bd7 15. Nb3 b5 16. Qd2 Rc8 17. O-O-O Qc7 18. Kb1 b4 19. Ne2 a5 20. Nbd4 Nxd4 21. Nxd4 a4 22. Bf3 a3 23. b3 Ng6 24. Bh5 e5 25. fxe5 dxe5 26. Nf5 Bf8 27. Be2 Bc6 28. Bc4 Qb7 29. Qd3 Qc7 30. Bd5 Qd7 31. Qa6 Bxd5 32. Rxd5 Qc6 33. Qd3 Qc3 34. Bc1 Qxd3 35. cxd3 Rd8 36. Rxd8+ Kxd8 37. Be3 Kd7 38. d4 exd4 39. Bxd4 Nf4 40. Nxg7 Nh3 41. Kc2 Nxg5 42. Kd3 Kc6 43. Nf5 Kb5 44. Bf6 Ne6 45. Nd4+ Kc5 46. Nf3 Kb5 47. Bd4 Bh6 48. Be3 Bxe3 49. Kxe3 Nc5 50. Nd4+ Kb6 51. Nc2 Kb5 52. Kd4 Ne6+ 53. Ke5 Kc5 54. Ne1 Kb5 55. Nd3 Nc5 56. Nc1 Kc6 57. Kd4 Kb5 58. Kd5 Ne6 59. Ne2 Nc7+ 60. Kd6 Ne6 61. Kd5 Nc7+ 62. Ke5 Kc5 63. Nf4 f6+ 64. Kxf6 Kd4 65. Kf5 Ne8 66. e5 Ng7+ 67. Kf6 Ne8+ 68. Ke6 Ng7+ $1 69. Kd6 Nf5+ 70. Kc6 Kxe5 71. Nd3+ Kd4 72. Nxb4 Kc3 73. Kc5 Kb2 74. Kc4 Nd6+ 75. Kd3 Nb5 76. Kc4 Nd6+ 77. Kd3 Nb5 78. Nc6 Nc3 (78... Kxa2 $5 79. Kc2 $8 Ka1 $11) 79. Nb4 Nb5 80. Kc4 1/2-1/2

[Event "Israel National League 2024"]
[Site "Israel"]
[Date "2024.03.08"]
[Round "11.21"]
[White "Manor, Ilan"]
[Black "Bronstein, Or"]
[Result "1/2-1/2"]
[ECO "A13"]
[WhiteElo "2469"]
[BlackElo "2441"]
[Annotator "TA"]
[PlyCount "144"]
[EventDate "2024.01.07"]
[EventType "team-tourn"]
[EventCountry "ISR"]
[SourceTitle "playchess.com"]
[Source "ChessBase"]
[SourceQuality "1"]
[TimeControl "40/5400+30:1800+30"]

1. Nf3 d5 2. c4 e6 3. g3 Nf6 4. Bg2 d4 5. b4 Bxb4 6. Qa4+ {[%emt 0:02:32] A13: English Opening: 1...e6.} Nc6 7. Ne5 Rb8 8. Nxc6 bxc6 9. Qxa7 Rb6 10. Qa4 O-O 11. O-O e5 12. d3 h6 $146 ({Predecessor:} 12... Bg4 13. Qc2 Qe7 14. h3 Bh5 15. Bg5 Rfb8 16. g4 Bg6 17. Nd2 Bxd2 18. Qxd2 h6 19. Bxf6 Qxf6 {½-½ Karjakin,S (2771)-Anand,V (2785) Wch Rapid Dubai 2014 (10)}) 13. a3 Bc5 14. Nd2 Bg4 15. Nb3 Be7 16. c5 Rb8 17. Re1 Ra8 18. Qxc6 Ra7 19. Qb5 Qb8 20. Qb4 Ra6 21. Na5 Bd7 22. Qxb8 Rxb8 23. Nc4 Bxc5 24. Nxe5 Ba4 ({Better is} 24... Be6 $14) 25. Bd2 $16 Re8 26. Nc4 Bb3 27. Na5 Bd5 28. a4 Bb6 29. Bxd5 Bxa5 30. Bb7 Ra7 31. Bxa5 Rxb7 32. Rac1 Ra7 33. Rc5 Nd7 (33... Re7 $16 {might work better.} 34. Kf1 Nd7) 34. Rxc7 $18 Rea8 35. Rec1 Rxc7 36. Rxc7 Rxa5 37. Rxd7 Rxa4 38. Kg2 g6 39. Kf3 Kg7 40. h4 h5 41. Re7 Ra8 42. Rd7 Ra4 43. Kf4 Kf6 44. Rd6+ Ke7 45. Rd5 Kf6 46. Rd6+ Ke7 47. Rc6 Ra2 48. Kf3 Ra5 49. e3 Rf5+ 50. Ke2 dxe3 51. fxe3 ({Don't do} 51. Kxe3 Re5+ 52. Kf3 Rf5+ 53. Ke2 Re5+ 54. Kf1 Rd5 $14) 51... Ra5 52. d4 Ra1 53. Rc3 Kd6 54. Rc5 Rg1 55. Kf2 Ra1 56. Rb5 Kc6 57. Rg5 Kd6 58. Re5 Kd7 59. Rg5 Kd6 $1 60. Kf3 Rf1+ {[%emt 0:01:02] [#]} 61. Ke4 (61. Kg2 $1 $16 Ra1 62. g4) 61... Rg1 {[%emt 0:00:11] [#]} (61... Rf2 $11) 62. Kd3 (62. Rd5+ $1 $16 Kc6 63. Rc5+ Kd7 64. Kf3) 62... Rd1+ 63. Kc2 Rf1 64. g4 hxg4 65. Rxg4 Rh1 66. Kd3 Rh2 67. e4 Rh1 68. Ke3 Ke6 69. Kf4 Rf1+ 70. Kg5 f5 $1 71. exf5+ gxf5 72. Rg2 f4 1/2-1/2

[Event "Israel National League 2024"]
[Site "Israel"]
[Date "2024.03.08"]
[Round "11.22"]
[White "Oratovsky, Michael"]
[Black "Zifroni, Dov"]
[Result "1/2-1/2"]
[ECO "C24"]
[WhiteElo "2412"]
[BlackElo "2462"]
[Annotator "RC"]
[PlyCount "102"]
[EventDate "2024.01.07"]
[EventType "team-tourn"]
[EventCountry "ISR"]
[SourceTitle "playchess.com"]
[Source "ChessBase"]
[SourceQuality "1"]
[TimeControl "40/5400+30:1800+30"]

1. e4 e5 2. Bc4 Nf6 3. d3 c6 4. Nf3 d5 5. Bb3 a5 6. a4 Bb4+ 7. c3 Bd6 8. exd5 cxd5 9. Bg5 Be6 10. Na3 Nc6 11. Nb5 Bb8 12. d4 e4 13. Nd2 h6 14. Bh4 O-O 15. Nf1 Na7 16. Na3 Bf4 17. Bxf6 Qxf6 18. g3 Bd6 19. Ne3 Rad8 20. O-O Qg5 21. f4 exf3 22. Qxf3 Bb8 23. Nac2 Nc8 24. Nf5 g6 25. Nfe3 Kg7 26. Kg2 Nb6 27. h4 Qe7 28. Rae1 Qd7 29. g4 Nxa4 30. Qf6+ Kh7 31. Nf5 gxf5 32. g5 Nxb2 33. Rg1 Nd3 34. Re3 Nf4+ 35. Kf2 Ng6 36. h5 Rde8 37. gxh6 Rg8 38. hxg6+ fxg6 39. Rge1 Qc7 40. Rxe6 Qh2+ 41. Kf3 Kxh6 42. Ne3 Kh5 43. Bxd5 Bg3 44. Rf1 Rxe6 45. Bxe6 Bf4 46. Nd5 Qg3+ 47. Ke2 Qg2+ 48. Rf2 Qe4+ 49. Kf1 Qh1+ 50. Ke2 Qe4+ 51. Kf1 Qh1+ 1/2-1/2

[Event "Israel National League 2024"]
[Site "Israel"]
[Date "2024.03.08"]
[Round "11.23"]
[White "Soffer, Ram"]
[Black "Veinberg, Nimrod"]
[Result "1-0"]
[ECO "E14"]
[WhiteElo "2431"]
[BlackElo "2411"]
[Annotator "RC"]
[PlyCount "83"]
[EventDate "2024.01.07"]
[EventType "team-tourn"]
[EventCountry "ISR"]
[SourceTitle "playchess.com"]
[Source "ChessBase"]
[SourceQuality "1"]
[TimeControl "40/5400+30:1800+30"]

1. Nf3 d5 2. e3 Nf6 3. c4 e6 4. b3 b6 5. Bb2 Bb7 6. Nc3 Nbd7 7. d4 Be7 8. Bd3 O-O 9. O-O c5 10. cxd5 Nxd5 11. Nxd5 Bxd5 12. e4 Bb7 13. Qe2 cxd4 14. Nxd4 Nc5 15. Bc2 Ba6 16. Nb5 Bxb5 17. Qxb5 Qd2 18. Qc4 Rac8 19. Rad1 Nxe4 20. Rxd2 Rxc4 21. Re2 Nc3 22. Re3 Rc7 23. Rxc3 Rxc3 24. Bxc3 Rc8 25. Rc1 Rxc3 26. Bxh7+ Kxh7 27. Rxc3 Bc5 28. g3 Kg6 29. Kg2 f5 30. f4 Kf6 31. Rd3 a5 32. h4 e5 33. fxe5+ Kxe5 34. Rd7 Kf6 35. Rc7 Kg6 36. Kf3 Kh6 37. g4 fxg4+ 38. Kxg4 g6 39. a4 Bd4 40. Re7 Bf2 41. Re6 Kg7 42. Kg5 1-0

[Event "Israel National League 2024"]
[Site "Israel"]
[Date "2024.03.08"]
[Round "11.24"]
[White "Kaspi, Alexander"]
[Black "Ganor, Dotan"]
[Result "1/2-1/2"]
[ECO "A36"]
[WhiteElo "2375"]
[BlackElo "2229"]
[Annotator "RC"]
[PlyCount "159"]
[EventDate "2024.01.07"]
[EventType "team-tourn"]
[EventCountry "ISR"]
[SourceTitle "playchess.com"]
[Source "ChessBase"]
[SourceQuality "1"]
[TimeControl "40/5400+30:1800+30"]

1. c4 Nf6 2. Nc3 c5 3. e4 Nc6 4. g3 g6 5. Bg2 Bg7 6. Nge2 O-O 7. d3 d6 8. Rb1 Bd7 9. a3 a5 10. O-O h6 11. h3 Ne8 12. Be3 Nd4 13. b4 axb4 14. axb4 b6 15. b5 Nc7 16. f4 Ra3 17. Bc1 Ra5 18. Kh2 Kh7 19. Nxd4 cxd4 20. Ne2 e5 21. Bd2 Ra2 22. Ra1 Rxa1 23. Qxa1 Ne6 24. Bb4 Nc5 25. Bxc5 dxc5 26. Qa7 Be6 27. f5 Bd7 28. fxg6+ fxg6 29. Rxf8 Bxf8 30. h4 Kg8 31. Ng1 Bd6 32. Bh3 Bxh3 33. Nxh3 Be7 34. Qb7 Kf8 35. Kg2 Qd6 36. Nf2 h5 37. Nh3 Qe6 38. Qd5 Kf7 39. Ng1 Bf6 40. Nf3 Ke7 41. Qb7+ Kf8 42. Qa8+ Kf7 43. Qb8 Kg7 44. Kf2 Kf7 45. Qb7+ Kf8 46. Qd5 Ke7 47. Kg2 Kf7 48. Kf2 Ke7 49. Ne1 Bg7 50. Qb7+ Kf8 51. Kg2 Bf6 52. Nf3 Kg8 53. Qd5 Kf7 54. Nd2 Ke7 55. Nf1 Kf7 56. Qxe6+ Kxe6 57. Kh3 Kf7 58. g4 Kg7 59. Ng3 hxg4+ 60. Kxg4 Kh6 61. Ne2 Bd8 62. Ng1 Be7 63. Nf3 Bf6 64. h5 Kg7 65. Ng5 Kh6 66. Nf7+ Kg7 67. Nd6 Kh6 68. hxg6 Kxg6 69. Nc8 Bd8 70. Na7 Be7 71. Nc6 Bd6 72. Na7 Be7 73. Nc8 Bd8 74. Nd6 Bc7 75. Nf5 Bd8 76. Ng3 Be7 77. Ne2 Bd8 78. Ng1 Be7 79. Nf3 Bf6 80. Nh4+ 1/2-1/2

[Event "Israel National League 2024"]
[Site "Israel"]
[Date "2024.03.08"]
[Round "11.25"]
[White "Boruchovsky, Avital"]
[Black "Emanuel, Yahav"]
[Result "1-0"]
[ECO "C55"]
[WhiteElo "2528"]
[BlackElo "2333"]
[Annotator "TA"]
[PlyCount "55"]
[EventDate "2024.01.07"]
[EventType "team-tourn"]
[EventCountry "ISR"]
[SourceTitle "playchess.com"]
[Source "ChessBase"]
[SourceQuality "1"]
[TimeControl "40/5400+30:1800+30"]

1. e4 e5 2. Nf3 Nc6 3. Bc4 Nf6 4. d3 Be7 5. O-O O-O 6. Nc3 d6 7. a4 Be6 8. Nd5 Bxd5 9. exd5 {[%emt 0:00:09] The position is equal.} Nb4 10. d4 exd4 11. Nxd4 {[%emt 0:03:14] And now Nf5 would win.} Nbxd5 12. Nf5 Nb6 13. Bb3 Nfd7 $2 {[%emt 0:15:31] Black is on the road to losing.} (13... Re8 $11) 14. a5 $18 Nc8 15. Qg4 {[%emt 0:08:51][%csl Gf5][%cal Rg4g7] [#] Black is weak on the light squares} g6 16. a6 $36 {[%emt 0:00:08][%mdl 2048] White is in control.} Rb8 17. axb7 Rxb7 $2 (17... Ncb6 18. Qg3 (18. Rxa7 Bf6 $18) 18... Bf6 19. Nh6+ (19. Rxa7 Ne5 $18) 19... Kg7) 18. Nh6+ Kg7 {[%emt 0:00:08] [#]} 19. Nxf7 Rxf7 20. Bxf7 {[%emt 0:00:12] This pair of bishops is nice.} d5 (20... c6 $142 21. Be6 Bf6) 21. Bxd5 {[%emt 0:56:59] White is clearly winning.} Nf6 22. Bh6+ Kh8 23. Qe6 Nxd5 24. Rad1 Qg8 25. Qxd5 Qxd5 26. Rxd5 Rxb2 (26... c6 $142) 27. Re1 {[%emt 0:00:00][%cal Od5d8] Threatening mate with Rd8+!} Kg8 28. Rd7 {[%emt 0:00:00][%csl LRc7,LRe7] Weighted Error Value: White=0.10 (very precise) /Black=0.50.  Loses game:     	---       	Black=1      Mistake:       	---       	Black=3      OK:         	White=9     	Black=9      Best:        	White=2     	Black=2} 1-0

[Event "Israel National League 2024"]
[Site "Israel"]
[Date "2024.03.08"]
[Round "11.26"]
[White "Tifferet, Shakked"]
[Black "Gorshtein, Ido"]
[Result "1/2-1/2"]
[ECO "E11"]
[WhiteElo "2334"]
[BlackElo "2523"]
[Annotator "TA"]
[PlyCount "50"]
[EventDate "2024.01.07"]
[EventType "team-tourn"]
[EventCountry "ISR"]
[SourceTitle "playchess.com"]
[Source "ChessBase"]
[SourceQuality "1"]
[TimeControl "40/5400+30:1800+30"]

1. d4 Nf6 2. c4 e6 3. Nf3 d5 4. g3 Bb4+ 5. Bd2 Be7 6. Bg2 O-O 7. O-O Nbd7 8. Bc3 Re8 9. Nbd2 b6 10. b4 {[%emt 0:15:35] Die Stellung ist ausgeglichen.} Bb7 11. c5 a5 12. a3 Ne4 13. Qc2 f5 14. Rfb1 Bf6 15. e3 axb4 16. axb4 Rxa1 17. Bxa1 {[%emt 0:06:55] [#] Zielt auf c6 ab.} c6 18. Bf1 Qc7 19. cxb6 Qxb6 20. Nb3 Ra8 21. Nfd2 Bc8 22. Nxe4 fxe4 23. Bh3 Nf8 24. Na5 Bd7 25. Bc3 Be7 {[%emt 0:01:17] Gewichteter Fehlerwert: Weiß=0.07 (makellos) /Schwarz=0.12 (sehr präzise) .  Ungenau:       	Weiß=4     	Schwarz=2     OK:         	Weiß=10    	Schwarz=5} 1/2-1/2

[Event "Israel National League 2024"]
[Site "Israel"]
[Date "2024.03.08"]
[Round "11.27"]
[White "Rozen, Eytan"]
[Black "Lev, Ronen"]
[Result "1-0"]
[ECO "D20"]
[WhiteElo "2462"]
[BlackElo "2341"]
[Annotator "TA"]
[PlyCount "71"]
[EventDate "2024.01.07"]
[EventType "team-tourn"]
[EventCountry "ISR"]
[SourceTitle "playchess.com"]
[Source "ChessBase"]
[SourceQuality "1"]
[TimeControl "40/5400+30:1800+30"]

1. d4 d5 2. c4 dxc4 3. e4 c5 4. d5 e6 5. Bxc4 Nf6 6. Nc3 exd5 7. exd5 Bd6 8. Qe2+ Be7 9. Nf3 O-O {[%emt 0:00:30] Weiß steht etwas besser.} 10. O-O {[%emt 0:00:08] Droht stark Bg5.} a6 ({Besser ist} 10... Bg4 $14) 11. Re1 $16 Bd6 12. Bg5 {[%emt 0:00:12] Zielt auf Ne4 ab.} h6 13. Bxf6 Qxf6 14. Ne4 $36 {[%emt 0:00:05][%mdl 2048] Läuft bei Weiss.} Qd8 15. a4 Bg4 16. Nxd6 Qxd6 17. Qe7 {[%emt 0:00:14] Pariert Nd7.} Qxe7 18. Rxe7 Nd7 {[%emt 0:03:36][%cal Ob7b5,Bb8d7,Bd7b6,Bb6c4][%mdl 32] [#]} 19. h3 $1 {[%emt 0:01:26] Weiß steht aktiver.} Nb6 {[%emt 0:07:05] Droht ...Bxf3 und aus.} 20. Ne5 (20. hxg4 Nxc4 21. Rc1 (21. Rxb7 Rfd8 $16) 21... Nxb2 $11) 20... Bc8 (20... Bf5 $142 21. a5 (21. Rxb7 Nxc4 22. Nxc4 Rad8 $18) 21... Nxc4 22. Nxc4 Bd3) 21. a5 $18 Nxc4 22. Nxc4 Rb8 23. Rae1 Bf5 24. Nd6 Bd3 25. Nxb7 Bb5 26. d6 c4 {[%emt 0:01:57] Weiß steht klar auf Gewinn.} 27. Rc7 {[%emt 0:01:09] Pariert Bc6.} Rfe8 28. Rxe8+ Rxe8 29. d7 Bxd7 30. Rxd7 {[%emt 0:00:03][%mdl 4096] Endspiel. KRN-KR} Re1+ 31. Kh2 Re2 32. Nd6 Rd2 33. Rd8+ Kh7 34. Nxf7 Rxb2 35. Rh8+ Kg6 36. Ne5+ {[%emt 0:00:06] Gewichteter Fehlerwert: Weiß=0.01 (makellos) /Schwarz=0.32.  Fehler:       	---       	Schwarz=2     Ungenau:       	---       	Schwarz=2     OK:         	Weiß=16    	Schwarz=8     Bester:       	Weiß=2     	---        Stark:        	Weiß=1     	---} 1-0